[Event "NJSK 2022 Jeugd C"]
[Site "Almelo, Netherlands"]
[Date "2022.05.07"]
[Round "9.9"]
[White "Krylov, Philippe"]
[Black "Kumar, Prayan Sai"]
[Result "0-1"]
[TimeControl "90min + 30sec/move"]
[WhiteElo "1817"]
[BlackElo "1562"]

1. c4 Nf6 2. Nc3 e6 3. d4 Bb4 4. e3 Bxc3+ 5. bxc3 O-O 6. g3 d6 7. Bg2 Nbd7 8. Ne2 Rb8 9. O-O b6 10.
Re1 c5 11. a4 Qc7 12. Ba3 Ba6 13. Qb3 Rfc8 14. Rac1 Ne8 15. d5 Ne5 16. dxe6 fxe6 17. Bh3 Qe7 18. Nf4 Nc7 19. Red1 Bxc4 20.
Qc2 Nf3+ 21. Kg2 Ng5 22. Bg4 Rf8 23. h4 Nf7 24. Be2 Bxe2 25. Qxe2 Rbd8 26. c4 Ne5 27. Bb2 Nc6 28. Qg4 e5 29.
Nd5 Nxd5 30. Rxd5 Nb4 31. Rd2 Qf7 32. Qe2 Qe7 33. Rcd1 e4 34. Qg4 Nd3 35. Kg1 Rf7 36. f4 Nxb2 37.
Rxb2 Rf6 38. Rd5 Rg6 39. Qh3 Qf6 40. h5 Rxg3+ 41. Qxg3 Qxb2 42. h6 Qf6 43. hxg7 Rd7 44. Rg5 Rxg7 45.
Rxg7+ Qxg7 46. Kh2 Kf7 47. Qxg7+ Kxg7 48. Kg3 Kf6 49. Kg4 d5 50. cxd5 c4 51. d6 c3 52. f5 c2 53. d7 Ke7 54.
f6+ Kxd7 55. f7 Ke7 0-1

[Event "NJSK 2022 Jeugd C"]
[Site "Almelo, Netherlands"]
[Date "2022.05.07"]
[Round "9.10"]
[White "Folkers, Sono"]
[Black "Mohebbinezhad, Parsa"]
[Result "1/2-1/2"]
[TimeControl "90min + 30sec/move"]
[WhiteElo "1519"]
[BlackElo "1600"]

1. e4 c6 2. Nf3 d5 3. Nc3 d4 4. Ne2 c5 5. Ng3 Nc6 6. Bc4 Bg4 7. Bxf7+ Kxf7 8. Ng5+ Ke8 9. Qxg4 Nf6 10.
Qe6 Qc7 11. Qf7+ Kd7 12. Qe6+ Ke8 13. Nf7 Rg8 14. e5 Qd7 15. Qxd7+ Nxd7 16. e6 Nf6 17. O-O h6 18. f4 Nd8 19.
Nxd8 Kxd8 20. d3 Kc7 21. Bd2 g6 22. a4 a5 23. Rae1 b6 24. f5 g5 25. Ne4 Bg7 26. h3 Rad8 27.
Bc1 Rd5 28. Nd2 Ne8 29. Ne4 Nd6 30. g4 Ne8 31. Rf3 Nf6 32. Bd2 Rgd8 33. Rf2 Re5 34. Rfe2 Nxe4 35. Rxe4 Red5 36. R1e2 Kc6 37.
Be1 h5 38. Bg3 h4 39. Be5 Bxe5 40. Rxe5 Rxe5 41. Rxe5 1/2-1/2

[Event "NJSK 2022 Jeugd C"]
[Site "Almelo, Netherlands"]
[Date "2022.05.07"]
[Round "9.11"]
[White "Franco, Hugo"]
[Black "Fallaux, Storm"]
[Result "0-1"]
[TimeControl "90min + 30sec/move"]
[WhiteElo "1441"]
[BlackElo "1459"]

1. e4 c5 2. Nf3 d6 3. d4 cxd4 4. Nxd4 Nf6 5. Nc3 a6 6. Bd3 e5 7. Nf3 Be6 8. Bg5 Nbd7 9. h3 h6 10. Bh4 Be7 11. Qd2 Rc8 12.
Nh2 g5 13. Bg3 Nh5 14. Be2 Nxg3 15. fxg3 h5 16. g4 h4 17. b3 Qc7 18. Nd5 Bxd5 19. exd5 Qxc2 20. Bd3 Qxd2+ 21. Kxd2 Nf6 22.
Bf5 Rc5 23. Rac1 Rxc1 24. Rxc1 Bd8 25. Nf1 Nxd5 26. Be4 Ba5+ 27. Kd3 Nf4+ 28. Ke3 d5 29. b4 Bb6+ 30. Kf3 dxe4+ 31. Kxe4 O-O 32.
Ne3 Bxe3 33. Kxe3 Nxg2+ 34. Ke4 Nf4 35. Kxe5 Nd3+ 36. Kf5 Nxc1 37. Kxg5 Nxa2 38. Kxh4 Nxb4 0-1

[Event "NJSK 2022 Jeugd C"]
[Site "Almelo, Netherlands"]
[Date "2022.05.07"]
[Round "9.12"]
[White "Agarwal, Pranav"]
[Black "Bosma, Jonathan"]
[Result "1-0"]
[TimeControl "90min + 30sec/move"]
[WhiteElo "1531"]
[BlackElo "884"]

1. e4 c5 2. Nf3 d6 3. d4 cxd4 4. Nxd4 Nf6 5. Nc3 g6 6. Bb5+ Bd7 7. f4 e5 8. Bxd7+ Nbxd7 9. Ndb5 a6 10.
Nxd6+ Bxd6 11. Qxd6 Ng4 12. Nd5 Rc8 13. O-O Rc6 14. Qb4 Nc5 15. fxe5 Nxe5 16. Qd4 Ncd7 17. Bf4 Qb8 18. Nb4 Re6 19.
Nd3 O-O 20. Bh6 Rd8 21. Nxe5 Qxe5 22. Rad1 g5 23. Qxe5 Rxe5 24. Rf5 Rxf5 25. exf5 f6 26. h4 gxh4 27. Be3 Re8 28. Bf2 Ne5 29.
Bxh4 Ng4 30. Rd4 h5 31. Bf2 Re5 32. Bg3 Re3 33. Bh4 Re2 34. Kf1 Rxc2 35. Rd8+ Kf7 36. Rd7+ Ke8 37. Rxb7 Rc1+ 38.
Ke2 Rc2+ 39. Kf3 Ne5+ 40. Kg3 Nd7 41. Rxd7 Kxd7 42. Bxf6 Rc4 43. Bc3 Rg4+ 44. Kf3 Ke7 45. g3 Kd6 46.
a3 Kd5 47. Kf2 Kd6 48. Kg2 Kd5 49. Kh3 Kd6 50. Kg2 Kd5 51. Kf3 Kd6 52. Bd2 Kd5 53. Bf4 a5 54. b4 a4 55. b5 Rg7 56.
b6 Rf7 57. g4 hxg4+ 58. Kxg4 Kc6 59. Bc7 Rg7+ 60. Kf4 Rh7 61. f6 Rh2 62. Kf5 Rh3 63. f7 Rf3+ 64. Bf4 Rxa3 65. f8=Q Rb3 66.
Qa8+ Kxb6 67. Qxa4 Rb5+ 68. Ke4 Kc5 69. Be3+ Kc6 70. Qa6+ Kc7 71. Bf4+ Kd7 72. Qxb5+ Ke7 73. Bg5+ Kf7 74.
Qf5+ Kg8 75. Bf6 Kf8 76. Qh7 1-0

[Event "NJSK 2022 Jeugd C"]
[Site "Almelo, Netherlands"]
[Date "2022.05.07"]
[Round "10.1"]
[White "Kumar, Prajit Sai"]
[Black "Van Batenburg, Mees"]
[Result "1/2-1/2"]
[TimeControl "5 min + 3 sec/move"]


[WhiteElo "2042"]
[BlackElo "1713"]

1. d4 f5 2. Bf4 e6 3. e3 Nf6 4. Be2 Bd6 5. Bxd6 cxd6 6. c4 b6 7. Bf3 d5 8. Nc3 Bb7 9. cxd5 Nxd5 10.
Nxd5 Bxd5 11. Bxd5 exd5 12. Qf3 Nc6 13. Qxd5 Qe7 14. a3 Qe6 15.
Qxe6+ dxe6 16. Nf3 O-O 17. Rc1 Rac8 18. b4 Nxd4 19. Rxc8 Nxf3+ 20. gxf3 Rxc8 21. Kd2 Kf7 22. Rg1 g6 23. h4 Rc4 24. Rh1 h5 25. Kd3 Rc7 26. f4 Kf6 27. Rg1 Rd7+ 28. Kc3 Rc7+ 29. Kb3 Rd7 30. Kc3 Rc7+ 1/2-1/2

[Event "NJSK 2022 Jeugd C"]
[Site "Almelo, Netherlands"]
[Date "2022.05.07"]
[Round "11.1"]
[White "Van Batenburg, Mees"]
[Black "Kumar, Prajit Sai"]
[Result "1-0"]
[TimeControl "5 min + 3 sec/move"]

[WhiteElo "1713"]
[BlackElo "2042"]

1. d4 d5 2. Nc3 Nf6 3. Bf4 a6 4. e3 Bf5 5. f3 e6 6. g4 Bg6 7. h4 h5 8. g5 Nfd7 9. Bd3 Bxd3 10. Qxd3 c5 11.
g6 f6 12. O-O-O Nc6 13. Nge2 Nb6 14. e4 dxe4 15. Qxe4 cxd4 16.
Nxd4 Nxd4 17. Rxd4 Qc8 18. Re1 e5 19. Bxe5 1-0